 Dungeon Crawl Stone Soup version 0.29-a0-275-g389c0b56f3 (webtiles) character file.

Game seed: 17124375981795548189

646 jlumianski the Chopper (level 7, 0/54 HPs)
             Began as a Demonspawn Fighter on Mar 10, 2022.
             Killed by divine providence
             ... invoked by an orc priest
              (11 damage)
             ... on level 4 of the Dungeon.
             The game lasted 00:18:07 (3835 turns).

jlumianski the Chopper (Demonspawn Fighter)         Turns: 3835, Time: 00:18:08

Health: 0/54       AC: 18    Str: 18    XL:     7   Next: 27%
Magic:  7/7        EV: 12    Int:  9    God:
Gold:   153        SH:  5    Dex: 13    Spells: 6/6 levels left

rFire   . . .      SeeInvis .   a - +0 war axe
rCold   . . .      Faith    .   c - +0 buckler
rNeg    . . .      Spirit   .   v - +0 chain mail
rPois   +          Reflect  .   u - +2 helmet
rElec   .          Harm     .   (no cloak)
rCorr   .          Rampage  .   (no gloves)
Will    .....                   (no boots)
Stlth   ..........              (no amulet)
HPRegen 0.18/turn               j - +4 ring of protection
MPRegen 0.10/turn               t - ring of poison resistance

@: agile
A: slimy green scales 1, powered by pain 1, demonic touch 2
a: no special abilities


You were on level 4 of the Dungeon.
You visited 1 branch of the dungeon, and saw 4 of its levels.

You collected 153 gold pieces.

Inventory:

Hand Weapons
 a - a +0 war axe (weapon)
 w - a +1 dagger of speed
 A - a +0 mace of venom
Missiles
 m - 51 stones
 s - a throwing net
 y - 3 boomerangs
 B - 3 poisoned darts (quivered)
Armour
 b - a +0 scale mail
 c - a +0 buckler (worn)
 u - a +2 helmet (worn)
 v - a +0 chain mail (worn)
Magical Staves
 l - a staff of cold
Jewellery
 j - a +4 ring of protection (left hand)
 o - a ring of fire
 t - a ring of poison resistance (right hand)
 x - a ring of protection from cold
Scrolls
 e - a scroll of amnesia
 i - 2 scrolls of vulnerability
 r - a scroll of enchant weapon {unknown}
Potions
 d - 2 potions of might
 f - a potion of lignification
 g - 2 potions of haste
 h - 3 potions of curing
 k - a potion of attraction
 n - a potion of cancellation
 p - a potion of flight
 q - a potion of brilliance
 z - a potion of degeneration {unknown}


   Skills:
 + Level 4.0 Fighting
 + Level 4.7 Axes
 + Level 4.6 Armour
 + Level 1.3 Dodging
 + Level 0.4 Stealth
 + Level 3.9 Shields


You had 6 spell levels left.
You didn't know any spells.
Your spell library contained the following spells:

 Spells                   Type           Power      Damage    Failure   Level
 Summon Small Mammal      Summ           0%         N/A       99%         1
 Ensorcelled Hibernation  Hex/Ice        0%         N/A       100%        2
 Passwall                 Tmut/Erth      0%         N/A       100%        2
 Call Canine Familiar     Summ           0%         N/A       100%        3
 Summon Guardian Golem    Hex/Summ       0%         N/A       100%        3
 Swiftness                Air            0%         N/A       100%        3


Dungeon Overview and Level Annotations

Branches:
Dungeon (4/15)
 Temple: D:4-7

Altars:
Hepliaklqana


Innate Abilities, Weirdness & Mutations

You are partially covered in slimy green scales. (AC +2)
You sometimes gain a little power by taking damage.
Your touch may inflict irresistible damage on your foes.


Message History

The orc hits you but does no damage.
You slash the orc!
You kill the orc!
You barely miss the orc.
The orc is heavily wounded.
The orc hits you but does no damage.
You hit the orc.
You kill the orc!
An orc priest comes into view. It is wielding a +0 whip.
The orc priest mumbles some strange prayers to Beogh against you.
Beogh smites you!
You focus on the pain.
You feel agile all of a sudden. The orc hits you but does no damage.
You closely miss the orc.
The orc priest looks satisfied for a moment.
The orc closely misses you.
The orc priest casts a cantrip, but nothing happens.
You hit the orc.
The orc is heavily wounded.
The orc priest casts a cantrip, but nothing happens.
The orc misses you.
You hit the orc.
You kill the orc!
The orc hits you but does no damage.
You barely miss the orc.
The orc priest calls down the wrath of Beogh upon you.
Beogh smites you! The orc barely misses you.
You closely miss the orc.
The orc priest looks braver for a moment.
You block the orc's attack. The orc attacks as you move away!
The orc hits you but does no damage.
There is an open door here.
The orc attacks as you move away! The orc barely misses you.
The orc attacks as you move away! The orc barely misses you.
The orc priest invokes the aid of Beogh against you.
Beogh smites you!
* * * LOW HITPOINT WARNING * * *
The orc priest mumbles some strange prayers to Beogh against you.
Beogh smites you!
You die...

#..# #..# #..# ########## #...
#........# #.#.
#########........###.#.
#......................
...########....................#.
#...)..ooo..oo.@..............##
#.########....................##
#................######
#................# #
#........#'####### ###
#........#.# #<# ##########[# #.#
#.# #.. #.# #.#


You could see an orc priest and 3 orcs.

Vanquished Creatures
  Menkaure (D:4)
  An orc warrior (D:3)
  A centaur (D:3)
  A scorpion (D:4)
  An orc priest (D:2)
  A jelly (D:4)
  An iguana (D:4)
  2 orc wizards
  5 adders
  3 worms
  A dart slug (D:2)
  17 orcs
  4 endoplasms
  3 giant cockroaches
  5 goblins
  3 hobgoblins
  7 jackals
  7 kobolds
  4 quokkas
  5 bats
  5 frilled lizards
  4 rats
82 creatures vanquished.

Vanquished Creatures (others)
  An orc wizard (D:3)
  3 plants (D:3)
4 creatures vanquished.

Grand Total: 86 creatures vanquished

Notes
Turn   | Place    | Note
-------+----------+-------------------------------------------
     0 | D:1      | jlumianski the Demonspawn Fighter began the quest for the
                  | Orb.
     0 | D:1      | Reached XP level 1. HP: 18/18 MP: 1/1
   177 | D:1      | Gained mutation: Your touch may inflict minor irresistible
                  | damage on your foes. [demonic ancestry]
   177 | D:1      | Reached XP level 2. HP: 23/24 MP: 2/2
   279 | D:1      | Found a faded altar of an unknown god.
   638 | D:2      | Gained mutation: Your touch may inflict irresistible damage
                  | on your foes. [demonic ancestry]
   638 | D:2      | Reached XP level 3. HP: 12/29 MP: 3/3
  1491 | D:3      | Gained mutation: You sometimes gain a little power by
                  | taking damage. [demonic ancestry]
  1491 | D:3      | Reached XP level 4. HP: 37/37 MP: 4/4
  1791 | D:2      | Reached XP level 5. HP: 19/42 MP: 5/5
  2285 | D:3      | Noticed an orc warrior
  2296 | D:3      | Noticed a centaur
  2298 | D:3      | Killed an orc warrior
  2304 | D:3      | Killed a centaur
  2305 | D:3      | Gained mutation: You are partially covered in slimy green
                  | scales. (AC +2) [demonic ancestry]
  2305 | D:3      | Reached XP level 6. HP: 20/48 MP: 6/6
  2679 | D:3      | Reached skill level 1 in Dodging
  3103 | D:4      | Noticed Menkaure
  3108 | D:4      | Killed Menkaure
  3161 | D:4      | Found a hazy altar of Hepliaklqana.
  3283 | D:4      | Reached XP level 7. HP: 39/54 MP: 7/7
  3835 | D:4      | Killed from afar by an orc priest

Illustrated notes

Levels and vault maps discovered:
D:1:      lemuel_arrival_room, layout_rooms, shapermc_ecumenical_altar_pompeii,
          hangedman_decor_clover_reticule
D:2:      layout_basic
D:3:      minmay_inner_zag, layout_loops_ring, serial_bayou_lagoon_b
D:4:      layout_basic, worldfamousw_hep_ancestral_shrine,
          minmay_temple_entry_drinking_statues, serial_shops,
          nicolae_shop_hallway_plus, uniq_edmund, uniq_eustachio, uniq_menkaure

Skill      XL: |  1  2  3  4  5  6 |
---------------+-------------------+-----
Axes           | 2 3 4 |  4.7
Shields        | 3 |  3.9
Armour         | 3 4 |  4.6
Dodging        | 1 |  1.3
Fighting       | 4 |  4.0
Stealth        | |  0.4

Action                   |  1- 3 |  4- 6 |  7- 9 || total
-------------------------+-------+-------+-------++-------
Melee: War axe           |    93 |   138 |    59 ||   290
  Use: Scroll            |       |     9 |     1 ||    10
       Potion            |       |     3 |       ||     3
Armor: Scale mail        |    66 |    21 |       ||    87
       Chain mail        |       |    66 |    39 ||   105
Dodge: Dodged            |    47 |    67 |    22 ||   136
Block: Buckler           |    28 |    41 |    14 ||    83

Table legend: (Time is in decaauts)
 A = Elapsed time spent in this place.
 B = Non-inter-level travel time spent in this place.
 C = Inter-level travel time spent in this place.
 D = Time resting spent in this place.
 E = Time spent auto-exploring this place.
 F = Levels seen in this place.
 G = Mean time per level.
                   A        B        C        D        E       F      G
               +--------+--------+--------+--------+--------+-----+--------+
         Total |   3957 |   3863 |     94 |    526 |   2105 |   4 |  989.2 |
       Dungeon |   3957 |   3863 |     94 |    526 |   2105 |   4 |  989.2 |
               +--------+--------+--------+--------+--------+-----+--------+

Top non-repeatable levels by time:
     D:3: 1397 daAuts
     D:2: 1154 daAuts
     D:4: 760 daAuts
     D:1: 645 daAuts
